 Dungeon Crawl Stone Soup version 0.31-a0-675-g238779eb0a (webtiles) character file.

Game seed: 2126196856675696854

8 Xavori the Slasher (level 2, 24/24 HPs)
             Began as a Demonspawn Chaos Knight on Sept 5, 2023.
             Was a Plaything of Xom.
             Quit the game on level 1 of the Dungeon.
             The game lasted 00:00:15 (173 turns).

Xavori the Slasher (Demonspawn Chaos Knight)         Turns: 173, Time: 00:00:16

Health: 24/24      AC:  5    Str: 12    XL:     2   Next: 0%
Magic:  2/2        EV: 11    Int: 13    God:    Xom [..*...]
Gold:   37         SH:  0    Dex: 12    Spells: 1/1 levels left

rFire   . . .        a - +0 falchion (chaos)
rCold   . . .        (no shield)
rNeg    . . .        b - +2 leather armour
rPois   .            (no helmet)
rElec   .            (no cloak)
rCorr   .            (no gloves)
SInv    .            (no boots)
Will    .....        (no amulet)
Stlth   +            (no ring)
HPRegen 0.24/turn    (no ring)
MPRegen 0.08/turn

%: no passive effects
@: liquefying, slowed movement, very slow
A: demonic magic 1
a: Renounce Religion


You were on level 1 of the Dungeon.
You worshipped Xom.
You were a toy of Xom.
You visited 1 branch of the dungeon, and saw 1 of its levels.

You collected 37 gold pieces.

Inventory:

Hand Weapons
 a - a +0 falchion of chaos (weapon)
Armour
 b - a +2 leather armour (worn)
Scrolls
 c - a scroll of butterflies
 d - a scroll of fear {unknown}
 e - a scroll of enchant weapon {unknown}
Potions
 f - a potion of heal wounds {unknown}


   Skills:
 + Level 3.1 Fighting
 + Level 3.1 Long Blades
 + Level 1.7 Armour
 + Level 0.8 Dodging


You had one spell level left.
You didn't know any spells.
Your spell library was empty.

Dungeon Overview and Level Annotations

Branches:
Dungeon (1/15)

Altars:


Innate Abilities, Weirdness & Mutations

Spells you cast may paralyse adjacent enemies.


Message History

No target in view!
f - a sedimented puce potion No target in view!
You now have 26 gold pieces (gained 11).
Found a faded altar of an unknown god.
No target in view!
Found a quarterstaff.
No target in view!
A ball python comes into view.
The ball python hisses angrily.
You slash the ball python!
The ball python seems to slow down.
You freeze the ball python.
You kill the ball python!
A bat comes into view.
The bat moves out of view.
A bat is nearby!
The bat closely misses you.
Found 11 gold pieces.
The bat hits you but does no damage. The bat barely misses you.
You barely miss the bat. Xom's power flows through you!
The ground around you becomes liquefied!
The bat barely misses you. The bat barely misses you.
You now have 37 gold pieces (gained 11).
The bat barely misses you.
You closely miss the bat. You punch the bat, but do no damage.
The bat closely misses you.
Key pressed, stopping explore.
The bat closely misses you. x3
You closely miss the bat. The bat hits you but does no damage.
A bat is nearby!
The bat misses you.
A bat is nearby!
You hit the bat. You burn the bat.
You kill the bat!
You have reached level 2!
Your demonic ancestry asserts itself...
A menacing aura infuses your magic.
Are you sure you want to abandon this character and quit the game? (Confirm with "yes".)

# # #.#.#.#.####
#.# #.#.#.#.#
#.#.#.#.#.#.# ##
#..)........# #.
#.....#.##..# ##.
#....###.#.## #.8
#...#.#...# ####..
#.###..# #8....
##@#.........####..
#....†.#########
#.8 ###....# ##.
#....# #. #....# ##
#....# #....#
#....#


There were no monsters in sight!

Vanquished Creatures
  A ball python (D:1)
  A hobgoblin (D:1)
  2 jackals (D:1)
  2 bats (D:1)
  A rat (D:1)
7 creatures vanquished.

Notes
Turn   | Place    | Note
-------+----------+-------------------------------------------
     0 | D:1      | Xavori the Demonspawn Chaos Knight began the quest for the
                  | Orb.
     0 | D:1      | Reached XP level 1. HP: 18/18 MP: 1/1
   133 | D:1      | Found a faded altar of an unknown god.
   165 | D:1      | XOM: cast spell 'Leda's Liquefaction'
   173 | D:1      | Gained mutation: Spells you cast may paralyse adjacent
                  | enemies. [demonic ancestry]
   173 | D:1      | Reached XP level 2. HP: 24/24 MP: 2/2
   173 | D:1      | Quit the game

Illustrated notes

Levels and vault maps discovered:
D:1:      psy_arrival_heroes, layout_basic, dreamdust_ecumenical_altar_statues,
          minmay_tripent

Skill      XL: |  1 |
---------------+----+-----
Long Blades    | 3 |  3.1
Fighting       | |  3.1
Armour         | |  1.7
Dodging        | |  0.8

Action                     || total
---------------------------++-------
  Melee: Falchion          ||    22
         Punch             ||     1
 Armour: Leather armour    ||    11
  Dodge: Dodged            ||    19

Table legend: (Time is in decaauts)
 A = Elapsed time spent in this place.
 B = Non-inter-level travel time spent in this place.
 C = Inter-level travel time spent in this place.
 D = Time resting spent in this place.
 E = Time spent auto-exploring this place.
 F = Levels seen in this place.
 G = Mean time per level.
                   A        B        C        D        E       F      G
               +--------+--------+--------+--------+--------+-----+--------+
         Total |    177 |    177 |      0 |      0 |    121 |   1 |  177.0 |
       Dungeon |    177 |    177 |      0 |      0 |    121 |   1 |  177.0 |
               +--------+--------+--------+--------+--------+-----+--------+

Top non-repeatable levels by time:
     D:1: 177 daAuts
